 Dungeon Crawl Stone Soup version 0.28.0-45-g0d030f2227 (webtiles) character file.

Game seed: 886602704616317479

98 ANNNA the Stinger (level 4, -2/24 HPs)
             Began as a Deep Elf Venom Mage on Apr 5, 2022.
             Slain by a bullfrog skeleton (5 damage)
             ... on level 3 of the Dungeon.
             The game lasted 00:05:38 (3303 turns).

ANNNA the Stinger (Deep Elf Venom Mage)             Turns: 3303, Time: 00:05:39

Health: -2/24      AC:  2    Str:  7    XL:     4   Next: 43%
Magic:  5/11       EV: 12    Int: 26    God:
Gold:   137        SH:  0    Dex: 15    Spells: 0/10 levels left

rFire   . . .      SeeInvis .   c - +0 short sword
rCold   . . .      Faith    .   (no shield)
rNeg    . . .      Spirit   .   a - +0 robe
rPois   .          Reflect  .   (no helmet)
rElec   .          Harm     .   (no cloak)
rCorr   +          Rampage  .   (no gloves)
Will    .....                   (no boots)
Stlth   ++........              (no amulet)
HPRegen 0.08/turn               e - +6 ring of intelligence
MPRegen 0.12/turn               g - ring of resist corrosion

@: no status effects
A: no striking features
a: no special abilities


You were on level 3 of the Dungeon.
You visited 1 branch of the dungeon, and saw 3 of its levels.

You collected 137 gold pieces.

Inventory:

Hand Weapons
 c - a +0 short sword (weapon)
 q - the +5 trident of Veadex {elec, rF+ rC+ Stlth-}
   (You found it on level 3 of the Dungeon)

   It occasionally discharges a powerful burst of electricity upon striking a
   foe.
   rF:        It protects you from fire.
   rC:        It protects you from cold.
   Stlth:     It makes you less stealthy.
Missiles
 d - 192 stones
 m - 5 poisoned darts
Armour
 a - a +0 robe (worn)
Jewellery
 e - a +6 ring of intelligence (left hand)
 g - a ring of resist corrosion (right hand)
Scrolls
 b - 2 scrolls of identify {unknown}
 h - a scroll of immolation {unknown}
 i - a scroll of enchant armour {unknown}
 k - a scroll of vulnerability {unknown}
 l - a scroll of amnesia {unknown}
 o - a scroll of fog {unknown}
 r - a scroll of teleportation {unknown}
Potions
 f - 2 potions of curing {unknown}
 j - 2 potions of lignification {unknown}
 n - 2 potions of ambrosia {unknown}
 p - a potion of flight {unknown}


   Skills:
 + Level 0.7 Fighting
 + Level 0.1 Short Blades
 + Level 2.6 Dodging
 + Level 2.8 Stealth
 + Level 3.8 Spellcasting
 + Level 1.7 Transmutations
 + Level 0.8 Air Magic
 + Level 4.5 Poison Magic


You couldn't memorise any spells.
You knew the following spells:

 Your Spells              Type           Power      Damage    Failure   Level
a - Sting                 Tmut/Pois      84%        1d7       2%          1
b - Poisonous Vapours     Pois/Air       36%        N/A       4%          2
c - Mephitic Cloud        Conj/Pois/Air  14%        N/A       13%         3
d - Olgreb's Toxic Radia  Pois           28%        N/A       14%         4

Your spell library contained the following spells:

 Spells                   Type           Power      Damage    Failure   Level
 Portal Projectile        Hex/Tloc       10%        N/A       26%         3
 Blade Hands              Tmut           6%         N/A       75%         5
 Excruciating Wounds      Necr           2%         N/A       94%         5


Dungeon Overview and Level Annotations

Branches:
Dungeon (3/15)

Altars:
Makhleb


Message History

The bullfrog skeleton is moderately damaged.
The bullfrog skeleton hits you but does no damage.
The bullfrog skeleton barely misses you.
You hit the bullfrog skeleton.
The bullfrog skeleton is heavily damaged.
The bullfrog skeleton hits you but does no damage.
You hit the bullfrog skeleton.
The bullfrog skeleton is heavily damaged.
The bullfrog skeleton hits you.
You hit the worm but do no damage.
The worm is heavily wounded.
Casting: Sting (safe; 2% risk of failure)
Confirm with . or Enter, or press ? or * to list all spells.
Aiming: Sting (safe; 2% risk of failure)
Press: ? - help, Shift-Dir - straight line, f/p - bullfrog skeleton
Aim: a bullfrog skeleton (heavily damaged, 92% to hit)
The sting hits the worm.
The worm looks even sicker.
The worm is almost dead.
Casting: Sting (safe; 2% risk of failure)
Confirm with . or Enter, or press ? or * to list all spells.
Aiming: Sting (safe; 2% risk of failure)
Press: ? - help, Shift-Dir - straight line, f/p - bullfrog skeleton
Aim: a bullfrog skeleton (heavily damaged, 92% to hit)
The sting hits the worm.
The worm looks even sicker.
You kill the worm!
The bullfrog skeleton hits you.
You hit the bullfrog skeleton.
The bullfrog skeleton is severely damaged.
The bullfrog skeleton hits you.
You hit the bullfrog skeleton.
The bullfrog skeleton is severely damaged.
The bullfrog skeleton hits you.
* * * LOW HITPOINT WARNING * * *
You hit the bullfrog skeleton.
The bullfrog skeleton is almost destroyed.
The bullfrog skeleton barely misses you.
The bullfrog skeleton hits you.
* * * LOW HITPOINT WARNING * * *
The bullfrog skeleton hits you.
You die...

#.# #......##.
#.########.........
#...............###
#.#######≈P..P....
#..# #≈P≈≈P.P....
##.# #≈P≈≈≈P≈≈.##
#.# #P≈♣≈≈≈≈≈.# #.#
P≈≈≈♣≈♣≈P.# #@##
#≈≈≈≈ ♣≈≈P.# #Z.#
..≈♣♣ ≈♣≈.# ##.#
#.# #.# #.P #.≈≈
#P(P≈ #≈PP≈≈


You could see a bullfrog skeleton.

Vanquished Creatures
  Jessica (D:2)
  An adder (D:2)
  2 worms (D:3)
  2 dart slugs
  2 orcs (D:3)
  4 ball pythons
  4 bats
  3 endoplasms
  3 giant cockroaches
  3 goblins (D:2)
  4 hobgoblins
  5 jackals (D:1)
  2 quokkas
  7 kobolds
  2 rats (D:2)
45 creatures vanquished.

Vanquished Creatures (others)
  25 plants (D:3)
25 creatures vanquished.

Grand Total: 70 creatures vanquished

Notes
Turn   | Place    | Note
-------+----------+-------------------------------------------
     0 | D:1      | ANNNA the Deep Elf Venom Mage began the quest for the Orb.
     0 | D:1      | Reached XP level 1. HP: 10/10 MP: 6/6
   312 | D:1      | Reached XP level 2. HP: 9/15 MP: 2/8
   316 | D:1      | Learned a level 2 spell: Poisonous Vapours
   765 | D:1      | Reached skill level 4 in Poison Magic
  1124 | D:1      | Reached XP level 3. HP: 15/19 MP: 4/9
  1128 | D:1      | Learned a level 3 spell: Mephitic Cloud
  1894 | D:2      | Noticed Jessica
  1902 | D:2      | Killed Jessica
  1903 | D:2      | Reached XP level 4. HP: 16/24 MP: 3/11
  1908 | D:2      | Learned a level 4 spell: Olgreb's Toxic Radiance
  2271 | D:2      | Found a burning altar of Makhleb.
  2979 | D:3      | Identified the +5 trident of Veadex {elec, rF+ rC+ Stlth-}
  3303 | D:3      | Slain by a bullfrog skeleton

Illustrated notes

Levels and vault maps discovered:
D:1:      sevenhm_arrival_forest_fort_small_6, layout_loops_ring
D:2:      layout_loops_ring, basic_altar, grunt_ministairs_9, uniq_jessica
D:3:      layout_loops_ring, minivault_23, serial_bayou_lagoon_a,
          minmay_misc_feat_columns

Skill      XL: |  1  2 |
---------------+-------+-----
Poison Magic   | 4 |  4.5
Fighting       | |  0.7
Short Blades   | |  0.1
Dodging        | |  2.6
Stealth        | |  2.8
Spellcasting   | |  3.8
Transmutations | |  1.7
Air Magic      | |  0.8

Action                   |  1- 3 |  4- 6 || total
-------------------------+-------+-------++-------
Melee: Short sword       |    15 |    13 ||    28
       Punch             |       |     1 ||     1
Throw: Stone             |       |     1 ||     1
 Cast: Sting             |    48 |    12 ||    60
       Poisonous Vapours |    13 |    14 ||    27
 Stab: Sleeping          |     3 |       ||     3
Armor: Robe              |     7 |     3 ||    10
Dodge: Dodged            |    32 |    16 ||    48
